 Dungeon Crawl Stone Soup version 0.21-a0-140-g479285b (webtiles) character file.

19481 drasked the Destroyer (level 12, -1/70 HPs)
             Began as a Deep Elf Fire Elementalist on July 22, 2017.
             Was a Believer of Vehumet.
             Slain by a salamander
             ... wielding a +0 halberd
              (7 damage)
             ... in a volcano.
             The game lasted 01:40:06 (19440 turns).

drasked the Destroyer (Deep Elf Fire Elementalist) Turns: 19440, Time: 01:40:07

Health: -1/70      AC:  7    Str:  5    XL:     12   Next: 36%
Magic:  11/28      EV: 19    Int: 31    God:    Vehumet [**....]
Gold:   322        SH:  0    Dex: 15    Spells: 16/31 levels left

rFire    + . .     SeeInvis .   t - +9 broad axe of Upheaval {freeze, rPois rC+ MR+}
rCold    + + .     Gourm    .   (no shield)
rNeg     . . .     Faith    .   x - +0 robe
rPois    +         Spirit   .   y - +2 hat
rElec    .         Reflect  .   F - scarf {rC+ rF+}
rCorr    .         Harm     .   (no gloves)
MR       ++...                  R - +2 pair of boots
Stlth    ++........             (no amulet)
HPRegen  0.21/turn              (no ring)
MPRegen  0.21/turn              (no ring)

@: brilliant
A: no striking features
a: Renounce Religion


You were in a volcano.
You worshipped Vehumet.
Vehumet was pleased with you.
You were hungry.

You visited 3 branches of the dungeon, and saw 13 of its levels.
You also visited: Sewer and Volcano.

You collected 834 gold pieces.
You spent 512 gold pieces at shops.

Inventory:

Hand Weapons
 h - a +1 vampiric dagger {!w}
   (You took it off a goblin on level 3 of the Dungeon)
 s - a +2 whip of electrocution
   (You took it off Pikel on level 7 of the Dungeon)
 t - the +9 broad axe of Upheaval (weapon) {freeze, rPois rC+ MR+}
   (You found it on level 2 of the Lair of Beasts)

   It has been specially enchanted to freeze those struck by it, causing extra
   injury to most foes and up to half again as much damage against particularly
   susceptible opponents.
   It can also slow down cold-blooded creatures.
   It protects you from cold.
   It protects you from poison.
   It affects your resistance to hostile enchantments.
 v - a +2 dagger of venom
   (You took it off a kobold in a sewer)
 K - the +5 scimitar of Kaedulucs {flame, Dex+4}
   (You bought it in a shop on level 8 of the Dungeon)

   It has been specially enchanted to burn those struck by it, causing extra
   injury to most foes and up to half again as much damage against particularly
   susceptible opponents.
   Big, fiery blades are also staple armaments of hydra-hunters.
   It affects your dexterity (+4).
 L - the +5 dagger of Insomnia {antimagic, rPois rN+}
   (You bought it in a shop on level 8 of the Dungeon)

   It reduces the magical energy of the wielder, and disrupts the spells and
   magical abilities of those hit.
   Natural abilities and divine invocations are not affected.
   It protects you from poison.
   It protects you from negative energy.
Missiles
 O - 3 throwing nets {=f, !d}
Armour
 x - a +0 robe (worn)
   (You took it off Sigmund on level 4 of the Dungeon)
 y - a +2 hat (worn)
   (You found it on level 8 of the Dungeon)
 F - a scarf of resistance (worn)
   (You found it on level 6 of the Dungeon)
 R - a +2 pair of boots (worn)
   (You found it on level 10 of the Dungeon)
Wands
 l - a wand of digging (10/24)
   (You took it off a gnoll sergeant on level 9 of the Dungeon)
 q - a wand of confusion (42/48)
   (You found it on level 2 of the Dungeon)
 A - a wand of acid (3/15)
   (You found it on level 8 of the Dungeon)
 B - a wand of lightning (4/15)
   (You found it on level 6 of the Dungeon)
 J - a wand of acid (5/15)
   (You found it on level 9 of the Dungeon)
Scrolls
 a - a scroll of amnesia
 e - 5 scrolls of teleportation
 g - 6 scrolls of recharging
 w - a scroll of enchant armour
 H - a scroll of blinking {!r}
 I - 2 scrolls of remove curse
 M - 2 scrolls of identify
Potions
 d - 4 potions of might {unknown}
 f - a potion of flight {unknown}
 j - 10 potions of curing
 k - 8 potions of agility
 p - 5 potions of brilliance
 r - 4 potions of heal wounds
 u - 2 potions of degeneration {unknown}
 z - a potion of haste {unknown}
 C - a potion of magic {unknown}
 D - a potion of resistance {unknown}
 E - 2 potions of lignification {unknown}
 G - a potion of invisibility {unknown}
 N - a potion of mutation {unknown}
 T - a potion of cancellation {unknown}
Books
 b - a book of Flames
 P - a book of Clouds
   (You found it on level 9 of the Dungeon)
Miscellaneous
 n - a phial of floods
   (You found it on level 10 of the Dungeon)
Comestibles
 c - 10 bread rations {@e1}
 i - 13 fruits
 m - 10 meat rations {@e2}
 o - 3 royal jellies
 Q - 6 chunks of flesh {@w0}


   Skills:
 - Level 6.1 Fighting
 + Level 9.6 Dodging
 - Level 2.4 Stealth
 - Level 10.1 Spellcasting
 * Level 12.5 Conjurations
 * Level 12.3 Fire Magic


You had 16 spell levels left.
You knew the following spells:

 Your Spells              Type           Power        Failure   Level  Hunger
a - Flame Tongue          Conj/Fire      #####        0%          1    None
c - Conjure Flame         Conj/Fire      #######.     1%          3    None
f - Fireball              Conj/Fire      #######...   1%          5    ###....
s - Sticky Flame          Conj/Fire      #######.     1%          4    None
x - Throw Flame           Conj/Fire      ######       1%          2    None


Dungeon Overview and Level Annotations

Branches:
Dungeon (10/15)            Temple (1/1) D:6            Lair (2/6) D:9
 Spider (0/4) Lair:2          Orc (0/2) D:9
  Swamp: Lair:2-4    Shoals: Lair:2-4

Altars:
Ashenzari
Cheibriados
Dithmenos
Elyvilon
Fedhas
Gozag
Hepliaklqana
Kikubaaqudgha
Makhleb
Nemelex Xobeh
Okawaru
Qazlal
Ru
Sif Muna
Trog
Uskayaw
Vehumet
Wu Jian
Xom
Yredelemnul
Zin
The Shining One

Shops:
D:5 [   D:8 (   D:9 :::

Annotations:
D:5 1 runed door


Message History

The crocodile moves out of view.
Something bites the plant.
Something claws the plant but does no damage.
The salamander hits something with a halberd!
Something is engulfed in flames!
You regained 5 hp, and now have 64/70 hp.
You regained 5 mp, and now have 19/28 mp.
The salamander misses you.
You can't see any susceptible monsters within range! (Use Z to cast anyway.)
A steam dragon comes into view.
The salamander closely misses you.
Aim: a crocodile The sticky flame hits the crocodile.
The crocodile is covered in liquid flames!
The steam dragon hisses angrily.
The crocodile burns!
The salamander barely misses you. The crocodile closely misses you.
You now have 16/28 mp.
Aim: a salamander, wielding a halberd The sticky flame hits the salamander.
The salamander completely resists.
The salamander is covered in liquid flames!
The crocodile burns!
The salamander closely misses you. The crocodile closely misses you.
You now have 13/28 mp.
You hit the salamander. You freeze the salamander. You slash the plant!
You freeze the plant. You hit the crocodile.
The crocodile seems to slow down.
You freeze the crocodile.
The crocodile burns! x2
You kill the crocodile!
Vehumet accepts your kill. The steam dragon breathes steam at you.
The ball of steam hits the salamander.
The salamander resists.
The ball of steam hits you! You resist. The salamander hits you with a halberd!
You are engulfed in flames.
You resist.
You take 22 damage, and have 43/70 hp.
MASSIVE DAMAGE!!
Aim: a steam dragon The sticky flame hits the steam dragon.
The steam dragon is covered in liquid flames!
The salamander stops burning.
The steam dragon burns!
The steam dragon misses you.
The steam dragon claws you but does no damage.
The salamander hits you but does no damage.
You now have 9/28 mp.
The salamander hits you from afar with a halberd!
You are engulfed in flames.
You resist.
You take 14 damage, and have 29/70 hp.
The steam dragon burns!
Aim: a steam dragon (heavily wounded, covered in liquid flames)
The flame tongue misses the steam dragon.
The plant is engulfed in a cloud of scalding steam.
The steam dragon burns!
The steam dragon breathes steam at you. The ball of steam misses you.
The salamander closely misses you.
You now have 9/28 mp.
You hit the plant. You freeze the plant. You hit the steam dragon.
You freeze the steam dragon.
The steam dragon burns!
The steam dragon bites you. The steam dragon closely misses you.
The steam dragon misses you. x2; The salamander misses you.
You take 1 damage, and have 28/70 hp.
The steam dragon burns!
You kill the steam dragon!
Vehumet accepts your kill.
You feel your power returning.
The steam dragon scales are intact enough to wear.
The plant is engulfed in a cloud of scalding steam.
The steam dragon breathes steam at you.
The ball of steam hits the salamander.
The salamander resists.
The ball of steam hits you! You resist.
You take 3 damage, and have 25/70 hp.
The plant is engulfed in a cloud of scalding steam.
Aim: a salamander, wielding a halberd (lightly wounded)
You hear a mighty clap of thunder!
The bolt of lightning hits the salamander.
The tree burns like a torch!
Evoking this partially-identified wand wasted a few charges.
You hear an angry hiss. x5
Okay, then.
The fireball explodes!
The tree burns like a torch!
The fireball engulfs the steam dragon.
You are feeling hungry.
The salamander hits you from afar with a halberd.
You are engulfed in flames.
You resist. The steam dragon breathes steam at you.
The ball of steam hits the salamander.
The salamander resists.
The ball of steam hits you! You resist.
* * * LOW HITPOINT WARNING * * *
You take 9 damage, and have 18/70 hp.
You now have 9/28 mp.
Vehumet accepts your kill.
You feel your power returning.
You feel a bit more experienced.
It was a potion of brilliance.
You feel clever all of a sudden.
The salamander hits you from afar with a halberd.
* * * LOW HITPOINT WARNING * * *
You are engulfed in flames.
You resist.
* * * LOW HITPOINT WARNING * * *
You take 10 damage, and have 9/70 hp.
It was a potion of heal wounds.
You feel much better.
The salamander hits you from afar with a halberd!!
* * * LOW HITPOINT WARNING * * *
You are engulfed in flames!
You resist.
You die...

♣.P.P♣§§§≈#
♣P..♣♣≈≈≈≈#
≈♣..P♣§≈≈≈#
≈§.D.♣≈≈§≈#
≈≈..§♣§≈≈≈######
§≈...§.♣ ##...#
P§.P.≈≈♣.§.♣♣♣♣....#
♣...♣≈≈♣PP..P♣..∩∩.#
≈P ..≈≈♣♣♣P♣.P.@.).#
♣♣.P§ ♣♣P.N♣...##
..§≈ ♣♣♣.P.### ..P..
♣♣♣## ♣P...♣


You could see a salamander.

Vanquished Creatures
  2 hydras
  Erica (D:8)
  7 two-headed ogres
  Pikel (D:7)
  3 spiny frogs (Lair:1)
  A rime drake (Lair:1)
  A komodo dragon (Lair:1)
  A troll (D:9)
  7 blink frogs
  A hippogriff (D:10)
  Sigmund (D:4)
  A wyvern (Volcano)
  4 yaks
  Grum (D:8)
  3 steam dragons
  A basilisk (D:9)
  The ghost of p0werm0de the Grave Robber, an amateur FoNe (D:3)
  2 porcupines
  3 water moccasins
  5 sky beasts
  An orc warrior (D:9)
  4 slaves (D:7)
  2 black bears
  A hornet zombie (D:9)
  3 centaurs
  4 ice beasts
  8 ogres
  2 necrophages
  A phantom (D:10)
  3 wolves
  4 crocodiles
  3 big kobolds
  10 bullfrogs
  3 gnoll sergeants
  6 scorpions
  A wyvern skeleton (D:8)
  9 killer bees (D:9)
  12 wights
  3 howler monkeys
  2 bullfrog zombies
  4 crimson imps
  A quasit (D:9)
  8 hounds
  5 orc priests
  7 orc wizards
  2 bullfrog skeletons
  A centaur skeleton (D:6)
  3 gnoll shamans
  3 iguanas
  4 jellies
  6 worker ants
  A hound zombie (D:9)
  4 hound skeletons
  29 gnolls
  12 adders
  8 river rats
  2 shadow imps
  An adder zombie (D:5)
  5 worms
  4 dart slugs
  5 leopard geckos
  35 orcs
  6 ball pythons
  4 giant cockroaches
  6 hobgoblins
  23 jackals
  26 kobolds
  2 quokkas
  21 bats
  11 frilled lizards
  6 goblins
  A leopard gecko skeleton (D:4)
  A quokka skeleton (D:4)
  A quokka zombie (D:8)
  24 rats
  A fungus (Lair:1)
412 creatures vanquished.

Vanquished Creatures (others)
  A fungus (Lair:1)
  4 plants (Volcano)
5 creatures vanquished.

Grand Total: 417 creatures vanquished

Notes
Turn   | Place    | Note
-------+----------+-------------------------------------------
     0 | D:1      | drasked the Deep Elf Fire Elementalist began the quest for the Orb.
     0 | D:1      | Reached XP level 1. HP: 10/10 MP: 6/6
   216 | D:1      | Reached skill level 2 in Conjurations
   218 | D:1      | Reached XP level 2. HP: 9/15 MP: 2/8
   770 | D:1      | Reached skill level 3 in Conjurations
   770 | D:1      | Reached XP level 3. HP: 19/19 MP: 7/9
  1165 | D:2      | Found a shattered altar of Ashenzari.
  1604 | D:2      | Learned a level 2 spell: Throw Flame
  1608 | D:2      | Learned a level 3 spell: Conjure Flame
  2268 | D:3      | Noticed p0werm0de's ghost (amateur FoNe)
  2512 | D:3      | Reached XP level 4. HP: 24/24 MP: 7/10
  2543 | D:3      | Reached skill level 4 in Fire Magic
  2666 | D:3      | Reached skill level 4 in Conjurations
  2776 | D:3      | Reached XP level 5. HP: 28/28 MP: 3/11
  3034 | D:3      | Reached skill level 5 in Fire Magic
  3198 | D:3      | Reached skill level 5 in Conjurations
  3797 | D:3      | Killed p0werm0de's ghost
  3797 | D:3      | Reached XP level 6. HP: 21/32 MP: 3/12
  3803 | D:3      | Learned a level 4 spell: Sticky Flame
  4135 | D:4      | Noticed Sigmund
  4340 | D:4      | Found a bloodstained altar of Trog.
  4410 | D:4      | Reached skill level 6 in Fire Magic
  4475 | D:4      | Found a glowing drain.
  4479 | Sewer    | Entered a sewer
  4528 | Sewer    | Reached skill level 6 in Conjurations
  4528 | Sewer    | Reached XP level 7. HP: 34/36 MP: 2/14
  5193 | Sewer    | Reached skill level 4 in Spellcasting
  5900 | D:4      | Learned a level 5 spell: Fireball
  6017 | D:4      | Killed Sigmund
  6017 | D:4      | Reached skill level 7 in Conjurations
  6017 | D:4      | Reached skill level 7 in Fire Magic
  6186 | D:4      | Reached XP level 8. HP: 41/41 MP: 9/16
  6687 | D:5      | Entered Level 5 of the Dungeon
  6778 | D:5      | Reached skill level 8 in Conjurations
  7115 | D:5      | Reached skill level 8 in Fire Magic
  7262 | D:5      | Noticed an angel
  7275 | D:5      | Found a runed door.
  7281 | D:5      | Found a stormy altar of Qazlal.
  7298 | D:5      | Found Faiwouv's Armour Shoppe.
  7355 | D:5      | Found a hazy altar of Hepliaklqana.
  7360 | D:5      | Found a glowing silver altar of Zin.
  7535 | D:5      | Found a white marble altar of Elyvilon.
  7874 | D:6      | Reached skill level 9 in Conjurations
  8010 | D:6      | Reached skill level 9 in Fire Magic
  8080 | D:6      | Found a blossoming altar of Fedhas.
  8085 | D:6      | Reached XP level 9. HP: 37/45 MP: 14/17
  8212 | D:6      | Found a staircase to the Ecumenical Temple.
  8225 | Temple   | Entered the Ecumenical Temple
  9062 | D:7      | Reached skill level 10 in Conjurations
  9488 | D:7      | Found an ornate altar of the Wu Jian Council.
  9513 | D:7      | Noticed Pikel
  9619 | D:7      | Reached skill level 10 in Fire Magic
 10603 | D:7      | Killed Pikel
 10603 | D:7      | Reached skill level 11 in Conjurations
 10883 | D:8      | Noticed Grum
 10948 | D:8      | Noticed Erica
 11354 | D:8      | Found Xudeib's Antique Weapon Boutique.
 11359 | D:8      | Bought a warped scimitar for 288 gold pieces
 11359 | D:8      | Bought a polished dagger for 224 gold pieces
 11359 | D:8      | Identified the +5 dagger of Insomnia {antimagic, rPois rN+} (You bought it in a shop on level 8 of the Dungeon)
 11360 | D:8      | Identified the +5 scimitar of Kaedulucs {flame, Dex+4} (You bought it in a shop on level 8 of the Dungeon)
 11423 | D:8      | Killed Grum
 11423 | D:8      | Reached XP level 10. HP: 27/50 MP: 4/18
 11617 | D:8      | Reached skill level 11 in Fire Magic
 11799 | D:8      | HP: 12/50 [Erica/scimitar of flaming (2)]
 11800 | D:8      | Killed Erica
 11806 | D:8      | HP: 11/50 [bullfrog skeleton (7)]
 11821 | D:8      | HP: 6/50 [bullfrog skeleton (6)]
 11827 | D:8      | HP: 12/50 [bullfrog skeleton (1)]
 12200 | D:8      | Noticed a two-headed ogre
 12217 | D:8      | Killed a two-headed ogre
 12217 | D:8      | Reached skill level 12 in Conjurations
 12781 | D:9      | Noticed a two-headed ogre
 12781 | D:9      | Reached skill level 1 in Fighting
 12896 | D:9      | Reached skill level 3 in Dodging
 12995 | D:9      | Reached skill level 5 in Spellcasting
 13010 | D:9      | Found a staircase to the Orcish Mines.
 13058 | D:9      | Killed a two-headed ogre
 13058 | D:9      | Reached skill level 2 in Fighting
 13058 | D:9      | Reached skill level 4 in Dodging
 13180 | D:9      | Reached skill level 6 in Spellcasting
 13350 | D:9      | Found a staircase to the Lair.
 13459 | D:9      | Noticed a two-headed ogre
 13488 | D:9      | Killed a two-headed ogre
 13488 | D:9      | Reached skill level 3 in Fighting
 13488 | D:9      | Reached skill level 5 in Dodging
 13839 | D:9      | Reached XP level 11. HP: 38/60 MP: 16/23
 14085 | D:9      | Reached skill level 7 in Spellcasting
 14624 | D:9      | Noticed a two-headed ogre
 14664 | D:9      | Killed a two-headed ogre
 14664 | D:9      | Reached skill level 6 in Dodging
 15032 | D:9      | Found Guys's Book Shop.
 15049 | D:9      | Reached skill level 4 in Fighting
 15090 | D:9      | Found Zammool's Book Shoppe.
 15140 | D:9      | Found a radiant altar of Vehumet.
 15148 | D:9      | Became a worshipper of Vehumet
 15189 | D:9      | Found Fooh's Book Shop.
 15230 | D:9      | Reached skill level 8 in Spellcasting
 15607 | D:9      | Noticed a five-headed hydra
 15620 | D:9      | Killed a five-headed hydra
 15620 | D:9      | Reached skill level 7 in Dodging
 15747 | D:9      | Noticed a two-headed ogre
 15777 | D:9      | Killed a two-headed ogre
 15833 | D:10     | Entered Level 10 of the Dungeon
 15892 | D:10     | Reached skill level 9 in Spellcasting
 16052 | D:10     | Reached * piety under Vehumet
 16052 | D:10     | Offered knowledge of Shock by Vehumet.
 16142 | D:10     | Reached skill level 5 in Fighting
 16663 | D:10     | Reached skill level 8 in Dodging
 16904 | D:10     | Offered knowledge of Sandblast by Vehumet.
 16983 | D:10     | Noticed a two-headed ogre
 16998 | D:10     | Killed a two-headed ogre
 16998 | D:10     | Reached ** piety under Vehumet
 17277 | Lair:1   | Entered Level 1 of the Lair of Beasts
 17480 | Lair:1   | HP: 2/64 [komodo dragon (29)]
 17815 | Lair:1   | Reached skill level 10 in Spellcasting
 18001 | Lair:1   | Reached XP level 12. HP: 52/69 MP: 19/28
 18150 | Lair:1   | Reached skill level 9 in Dodging
 18265 | Lair:1   | Reached skill level 6 in Fighting
 18970 | Lair:1   | Noticed an eight-headed hydra
 19020 | Lair:1   | Killed an eight-headed hydra
 19048 | Lair:2   | Reached skill level 12 in Fire Magic
 19281 | Lair:2   | Got a polished broad axe
 19282 | Lair:2   | Identified the +9 broad axe of Upheaval {freeze, rPois rC+ MR+} (You found it on level 2 of the Lair of Beasts)
 19332 | Lair:2   | Found a dark tunnel.
 19342 | Volcano  | Entered a volcano
 19364 | Volcano  | Noticed a two-headed ogre
 19378 | Volcano  | Killed a two-headed ogre
 19439 | Volcano  | HP: 13/70 [salamander/halberd (6)]
 19440 | Volcano  | HP: 6/70 [salamander/halberd (21)]
 19440 | Volcano  | Slain by a salamander

Vault maps used:
D:1:      eino_arrival_water_star, minmay_tromino_v7
D:2:      first_bread, ashenzari_altar_1
D:4:      lemuel_coloured_pillars_altar, gup_sewer_entry_spiral, uniq_sigmund
D:5:      minitemple, nicolae_qazlal_general_emergency, serial_shops,
          shop_coins, lemuel_angel_altar
D:6:      minmay_temple_entry_large_hall, fedhas_bush_and_centaur_altar
D:7:      cheibrodos_quashed, lemuel_crystal_altar, grunt_ogre_cave, uniq_pikel
D:8:      serial_shops, kennysheep_little_box, uniq_erica, uniq_grum
D:9:      vehumet_crystals, david_lair_generic, orc_0_dummy, serial_gnoll_camp,
          gnoll_camp_medium_01, gnoll_camp_mini_doghouse, gnoll_camp_mini_shop,
          gnoll_camp_medium_02, serial_shops, shop, nicolae_shop_trees
Temple:   eino_temple_scatter_basement
Lair:2:   nicolae_spider_entry_non_spiders, nicolae_volcano_entry_hallway,
          minmay_lair_oklob_bushes, grunt_megastairs_4
Sewer:    sewer_minmay_treatment
Volcano:  pf_volcano_lost_world

Skill      XL: |  1  2  3  4  5  6  7  8  9 10 11 12 |
---------------+-------------------------------------+-----
Conjurations   | 2 3 4 5 6 7 9 11 12 | 12.5
Fire Magic     | 4 5 6 7 9 10 11 12 | 12.3
Spellcasting   | 4 6 10 | 10.1
Fighting       | 3 5 6 |  6.1
Dodging        | 5 8 9 |  9.6
Stealth        | |  2.4

Action                   |  1- 3 |  4- 6 |  7- 9 | 10-12 || total
-------------------------+-------+-------+-------+-------++-------
Melee: Club              |    10 |     2 |       |       ||    12
       Dagger            |       |       |    40 |     9 ||    49
       Scimitar          |       |       |       |     5 ||     5
       Broad axe         |       |       |       |     5 ||     5
 Cast: Flame Tongue      |    90 |   122 |   232 |   322 ||   766
       Throw Flame       |     4 |     7 |    43 |    83 ||   137
       Conjure Flame     |       |     4 |     4 |    12 ||    20
       Sticky Flame      |       |     2 |    20 |    36 ||    58
       Fireball          |       |       |     8 |    39 ||    47
Evoke: Wand              |       |       |       |     1 ||     1
  Use: Scroll            |       |     8 |     6 |    10 ||    24
       Potion            |       |       |       |     4 ||     4
  Eat: Chunk             |     4 |     7 |    24 |    26 ||    61
       Fruit             |     1 |       |     3 |     4 ||     8
       Royal jelly       |       |       |       |     2 ||     2
Armor: Robe              |    11 |    13 |    27 |    22 ||    73
Dodge: Dodged            |    55 |    39 |    83 |   160 ||   337
       Rpst.: Scimitar   |       |       |       |    19 ||    19

Vault maps used:
D:1:      eino_arrival_water_star, minmay_tromino_v7
D:2:      first_bread, ashenzari_altar_1
D:4:      lemuel_coloured_pillars_altar, gup_sewer_entry_spiral, uniq_sigmund
D:5:      minitemple, nicolae_qazlal_general_emergency, serial_shops,
          shop_coins, lemuel_angel_altar
D:6:      minmay_temple_entry_large_hall, fedhas_bush_and_centaur_altar
D:7:      cheibrodos_quashed, lemuel_crystal_altar, grunt_ogre_cave, uniq_pikel
D:8:      serial_shops, kennysheep_little_box, uniq_erica, uniq_grum
D:9:      vehumet_crystals, david_lair_generic, orc_0_dummy, serial_gnoll_camp,
          gnoll_camp_medium_01, gnoll_camp_mini_doghouse, gnoll_camp_mini_shop,
          gnoll_camp_medium_02, serial_shops, shop, nicolae_shop_trees
Temple:   eino_temple_scatter_basement
Lair:2:   nicolae_spider_entry_non_spiders, nicolae_volcano_entry_hallway,
          minmay_lair_oklob_bushes, grunt_megastairs_4
Sewer:    sewer_minmay_treatment
Volcano:  pf_volcano_lost_world

Table legend:
 A = Turns spent in this place as a percentage of turns spent in the entire game.
 B = Non-inter-level travel turns spent in this place as a percentage of non-inter-level travel turns spent in the entire game.
 C = Inter-level travel turns spent in this place as a percentage of turns spent in this place.
 D = Turns resting spent in this place as a percentage of non-inter-level travel turns spent in this place.
 E = Turns spent auto-exploring this place as a percentage of non-inter-level travel turns spent in this place.
 F = Non-inter-level travel turns spent in this place divided by the number of levels of this place that you've seen.
                   A       B       C       D       E      F
               +-------+-------+-------+-------+-------+----------------------
         Total | 100.0 | 100.0 |   0.4 |   3.8 |   6.7 | 403.2
       Dungeon |  85.3 |  85.3 |   0.4 |   3.5 |   6.7 | 516.1
        Temple |   1.7 |   1.7 |   1.0 |   0.0 |  15.7 | 102.0
          Lair |   7.0 |   7.0 |   0.9 |   6.6 |   5.7 | 212.0
         Sewer |   4.7 |   4.7 |   0.0 |   6.4 |   7.4 | 283.0
       Volcano |   1.3 |   1.3 |   0.0 |   0.0 |   1.3 |  78.0
               +-------+-------+-------+-------+-------+----------------------

Table legend:
 A = Kills in this place as a percentage of kills in entire the game.
 B = Kills by you in this place as a percentage of kills by you in the entire game.
 C = Kills by friends in this place as a percentage of kills by friends in the entire game.
 D = Other kills in this place as a percentage of other kills in the entire game.
 E = Experience gained in this place as a percentage of experience gained in the entire game.
 F = Experience gained in this place divided by the number of levels of this place that you have seen.
                   A       B       C       D       E      F
               +-------+-------+-------+-------+-------+----------------------
         Total | 100.0 | 100.0 |  -nan |  -nan | 100.0 | 1855.3
       Dungeon |  81.3 |  81.3 |  -nan |  -nan |  71.9 | 2002.3
          Lair |   5.4 |   5.4 |  -nan |  -nan |  20.6 | 2866.0
         Sewer |  11.8 |  11.8 |  -nan |  -nan |   1.3 | 366.0
       Volcano |   1.5 |   1.5 |  -nan |  -nan |   6.1 | 1709.0
               +-------+-------+-------+-------+-------+----------------------
